AoeStats
← cold fusion8019

Arena

508030173Analyzed
1v1 RM · 10d ago on Sep 20, 2026· 62m 54s· 2 players
Game mode
Random Map
Map size
Tiny (2 player)
Population
200
Speed
Normal
Resources
Standard
Victory
Conquest
Starting age
Dark Age
Ending age
Imperial Age
RankedLock teamsTeams togetherTeam positionsShared explorationLock speedFull tech treeHidden civsTurbo modeCheats
Victory
Defeat
🇰🇪 Spanish · Kenya
355
+7
🇦🇷 Khmer · Argentina
137
-7
soyjimenez_82
11:26 Feudal Age
17:05 Castle Age
23:29 Imperial Age
20:45 Loom
27:10 Double Crossbow
30:20 Husbandry
30:31 Bloodlines
34:14 Tusk Swords
36:28 Cavalier
36:29 Light Cavalry
38:48 Fervor
40:31 Capped Ram
58:59 Heavy Scorpion
cold fusion8019
11:49 Feudal Age
13:46 Wheelbarrow
12:57 Loom
13:01 Double-Bit Axe
16:14 Stone Mining
16:46 Gold Mining
21:27 Castle Age
23:45 Bow Saw
26:01 Husbandry
26:12 Bloodlines
27:57 Horse Collar
28:38 Scale Barding Armor
28:36 Scale Mail Armor
33:29 Imperial Age
33:07 Forging
32:48 Fletching
32:58 Padded Archer Armor
33:14 Chain Mail Armor
32:29 Light Cavalry
34:31 Cavalier
36:19 Elite Skirmisher
37:04 Thumb Ring
37:19 Leather Archer Armor
37:00 Bodkin Arrow
37:41 Iron Casting
37:36 Plate Mail Armor
37:27 Chain Barding Armor
40:53 Heavy Plow
41:32 Plate Barding Armor
41:28 Plate Mail Armor
41:28 Ring Archer Armor
40:59 Bracer
42:00 Blast Furnace
41:40 Ballistics
41:48 Pikeman
42:29 Squires
42:25 Halberdier
42:51 Gambesons
42:52 Arson
44:34 Stone Shaft Mining
44:27 Hussar
54:20 Hand Cart
57:21 Chemistry
60:38 Capped Ram
61:56 Elite Conquistador
63:29 Bombard Tower
Connection lost

Rejoining the realm…

Still unreachable

The connection could not be restored.

Session expired

The server has moved on; the page needs a fresh start.